 Dungeon Crawl Stone Soup version 0.17-a0-119-g2b06fc5 (webtiles) character file.

793 DevastatorOne the Martial Artist (level 7, -1/46 HPs)
             Began as an Octopode Monk on Feb 1, 2015.
             Slain by a quasit (3 damage)
             ... on level 5 of the Dungeon on Mar 20, 2015.
             The game lasted 00:18:41 (5008 turns).

DevastatorOne the Martial Artist (Octopode Monk)    Turns: 5008, Time: 00:18:41

Health: -1/46      AC:  1    Str: 11    XL:     7   Next: 88%
Magic:  7/7        EV: 14    Int: 13    God:
Gold:   227        SH:  0    Dex: 15    Spells: 0 memorised, 6 levels left

rFire  . . .     SeeInvis .       - Unarmed
rCold  . . .     Clarity  .     (no shield)
rNeg   . . .     SustAb   .     (helmet restricted)
rPois  .         Gourm    .     (no amulet)
rElec  .         Spirit   .     (no ring)
rCorr  .         Warding  .     (no ring)
rMut   .         Stasis   .     (no ring)
MR     .....                    (no ring)
Stlth  ++++......               (no ring)
                                (no ring)
                                (no ring)
                                (no ring)

@: not resistant to hostile enchantments, stealthy
A: almost no armour, amphibious, 8 rings, constrict 8, camouflage 1, gelatinous
body 1
a: no special abilities


You were on level 5 of the Dungeon.
You were not hungry.

You visited 1 branch of the dungeon, and saw 5 of its levels.

You collected 227 gold pieces.

Inventory:

Hand weapons
 d - a +0 dagger
Jewellery
 k - an uncursed ring of protection from magic {unknown}
 q - an uncursed ring of ice {unknown}
 s - an uncursed amulet of regeneration {unknown}
 u - a +2 ring of evasion {unknown}
Scrolls
 c - 9 scrolls of remove curse {unknown}
 f - a scroll of blinking {unknown}
 g - 4 scrolls of amnesia {unknown}
 h - 2 scrolls of teleportation {unknown}
 j - 5 scrolls of identify {unknown}
 l - a scroll of enchant armour {unknown}
 o - a scroll of recharging {unknown}
Potions
 e - a potion of brilliance {unknown}
 i - 2 potions of restore abilities
 m - 2 potions of might {unknown}
 n - a potion of heal wounds {unknown}
 p - a potion of haste
 r - a potion of cancellation {unknown}
 w - a potion of flight {unknown}
Books
 t - a book of Minor Magic

   Spells                             Type                      Level
   a - Magic Dart                     Conjuration                  1
   b - Blink                          Translocation                2
   c - Call Imp                       Summoning                    2
   d - Repel Missiles                 Charms/Air                   2
   e - Slow                           Hexes                        2
   f - Conjure Flame                  Conjuration/Fire             3
   g - Mephitic Cloud                 Conjuration/Poison/Air       3
Comestibles
 a - a meat ration
 b - a bread ration
 v - a slice of pizza


   Skills:
 - Level 3.0 Fighting
 - Level 1.0 Short Blades
 + Level 4.0 Dodging
 - Level 5.0 Stealth
 + Level 8.4 Unarmed Combat


You had 6 spell levels left.
You didn't know any spells.

Dungeon Overview and Level Annotations

Branches:
Dungeon (5/15)
 Temple: D:4-7

Altars:
Ashenzari
Dithmenos
Elyvilon
Gozag
Kikubaaqudgha
Nemelex Xobeh
Zin
The Shining One


Innate Abilities, Weirdness & Mutations

You cannot wear most types of armour.
You are amphibious.
You can wear up to eight rings at the same time.
You can use your tentacles to constrict many enemies at once.
Your skin changes colour to match your surroundings (Stealth).
Your rubbery body absorbs attacks (AC +1).


Message History

The ogre hits you with a giant club!
A hobgoblin comes into view.
You tentacle-slap the ogre. Your squeeze misses the ogre.
The ogre is almost dead.
The ogre hits you with a giant club!
* * * LOW HITPOINT WARNING * * *
You tentacle-slap the ogre!
You kill the ogre!
Your Dodging skill increases to level 4!
A hound comes into view.
The quasit bites you.
* * * LOW HITPOINT WARNING * * *
The quasit closely misses you. The quasit claws you.
* * * LOW HITPOINT WARNING * * *
You feel clumsy. The quasit completely misses you.
The quasit barely misses you.
The quasit claws you but does no damage.
It was a potion of restore abilities.
You feel your dexterity returning. The hobgoblin barely misses you.
The quasit bites you.
You die...

.≈≈≈.......# ..... ###
#.⌠≈_≈≈......## .......
#.# #.⌠+.≈≈(......##
#....... ##.#
#..+._≈........###.....
#..# #⌠+.≈≈........##....
#..## #⌠≈_≈≈.........#).#
#.#.####≈≈≈.............#
#................g......#
#.....>.........@5o.....#
.......#####............##
.......# ###........#.)#
.......# #####....#..#
...†..## ######..# .)....#
##.. ......# #..# .....##
#..# .....# ##..


You could see a quasit, an orc and a hobgoblin.

Vanquished Creatures
  A sky beast (D:5)
  An ogre (D:5)
  A phantom (D:4)
  Sigmund (D:5)
  A hound (D:4)
  An orc priest (D:3)
  A giant frog skeleton (D:4)
  3 orc wizards (D:3)
  2 iguanas (D:4)
  A worker ant (D:3)
  12 adders
  A shadow imp (D:4)
  A worm (D:3)
  An adder skeleton (D:5)
  4 giant geckos
  An ooze (D:1)
  12 orcs
  A ball python (D:2)
  9 bats
  7 giant cockroaches
  10 hobgoblins
  7 kobolds
  9 giant newts
  6 goblins
  11 rats
105 creatures vanquished.

Notes
Turn   | Place    | Note
--------------------------------------------------------------
     0 | D:1      | DevastatorOne, the Octopode Monk, began the quest for the Orb.
     0 | D:1      | Reached XP level 1. HP: 16/16 MP: 1/1
   265 | D:1      | Reached skill level 1 in Short Blades
   408 | D:1      | Reached XP level 2. HP: 21/21 MP: 2/2
  1025 | D:2      | Reached XP level 3. HP: 22/26 MP: 3/3
  1256 | D:2      | Upgraded the game from 0.16-a0-3880-g9314259 to 0.17-a0-1-g1f4be75
  1321 | D:2      | Found an ancient bone altar of Kikubaaqudgha.
  1384 | D:2      | Reached XP level 4. HP: 31/31 MP: 4/4
  1616 | D:2      | Reached skill level 5 in Stealth
  1754 | D:3      | Reached skill level 5 in Unarmed Combat
  1754 | D:3      | Reached XP level 5. HP: 23/36 MP: 5/5
  2467 | D:3      | Reached skill level 6 in Unarmed Combat
  2676 | D:3      | Reached XP level 6. HP: 28/42 MP: 6/6
  3764 | D:4      | Reached skill level 7 in Unarmed Combat
  4062 | D:4      | Upgraded the game from 0.17-a0-1-g1f4be75 to 0.17-a0-119-g2b06fc5
  4170 | D:4      | Found a shadowy altar of Dithmenos.
  4424 | D:4      | Reached XP level 7. HP: 46/46 MP: 7/7
  4495 | D:4      | Found an opulent altar of Gozag.
  4496 | D:4      | Found a sparkling altar of Nemelex Xobeh.
  4522 | D:4      | Found a shattered altar of Ashenzari.
  4570 | D:4      | Noticed a phantom
  4585 | D:4      | Killed a phantom
  4866 | D:5      | Entered Level 5 of the Dungeon
  4878 | D:5      | Reached skill level 8 in Unarmed Combat
  4947 | D:5      | Found a glowing golden altar of the Shining One.
  4948 | D:5      | Found a white marble altar of Elyvilon.
  4949 | D:5      | Found a glowing silver altar of Zin.
  4960 | D:5      | Noticed Sigmund
  4970 | D:5      | Killed Sigmund
  5004 | D:5      | HP: 2/46 [quasit (2)]
  5008 | D:5      | Slain by a quasit

Action                   |  1- 3 |  4- 6 |  7- 9 || total
-------------------------+-------+-------+-------++-------
Melee: Dagger            |    60 |    50 |       ||   110
       Unarmed           |     6 |   105 |    28 ||   139
  Use: Potion            |     3 |       |     1 ||     4
 Stab: Sleeping          |     9 |    12 |     3 ||    24
       Distracted        |       |     1 |       ||     1
  Eat: Chunk             |     2 |     1 |       ||     3
       Bread ration      |       |     2 |       ||     2
       Meat ration       |       |       |     1 ||     1
